[ AOE2 MATCH · #478207537 ]
UnrankedKhmer vs Britons
[ REPLAY ANALYSIS · EXTRACTED FROM THE RECORDED GAME ]
Feudal
8:55
Castle
22:26
Imperial
—
| APM avg | 39.4 |
| APM peak | 67 |
| eAPM avg | 21.1 |
| Villagers / military | 169 / 222 |
Focus
⚔️ 34.2% · 🌾 65.8%
Battle Elephant ×191 · Scout Cavalry ×31
Feudal
9:20
Castle
22:56
Imperial
42:19
| APM avg | 64.0 |
| APM peak | 116 |
| eAPM avg | 21.7 |
| Villagers / military | 151 / 160 |
Focus
⚔️ 30.8% · 🌾 69.2%
Archer ×118 · Skirmisher ×42 · Trade Cart ×6
Feudal
8:51
Castle
24:58
Imperial
40:12
| APM avg | 53.3 |
| APM peak | 148 |
| eAPM avg | 28.1 |
| Villagers / military | 142 / 251 |
Focus
⚔️ 67.4% · 🌾 32.6%
Archer ×179 · Spearman ×60 · Longbowman ×7 · Trebuchet (Packed) ×5 · Trade Cart ×2
Feudal
8:53
Castle
24:44
Imperial
51:01
| APM avg | 64.0 |
| APM peak | 139 |
| eAPM avg | 31.5 |
| Villagers / military | 240 / 236 |
Focus
⚔️ 51.5% · 🌾 48.5%
Knight ×116 · Scout Cavalry ×75 · Skirmisher ×44 · Trade Cart ×3 · Monk ×1
Feudal
8:51
Castle
22:44
Imperial
38:53
| APM avg | 65.4 |
| APM peak | 135 |
| eAPM avg | 36.7 |
| Villagers / military | 220 / 265 |
Focus
⚔️ 56.7% · 🌾 43.3%
Archer ×220 · Spearman ×29 · Skirmisher ×15 · Trebuchet (Packed) ×1
Feudal
8:26
Castle
23:13
Imperial
44:47
| APM avg | 53.6 |
| APM peak | 76 |
| eAPM avg | 30.0 |
| Villagers / military | 140 / 230 |
Focus
⚔️ 46.0% · 🌾 54.0%
Elephant Archer ×179 · Trade Cart ×54 · Archer ×31 · Monk ×10 · Armored Elephant ×5 · Trebuchet (Packed) ×5
Feudal
8:58
Castle
23:58
Imperial
49:31
| APM avg | 68.7 |
| APM peak | 123 |
| eAPM avg | 34.5 |
| Villagers / military | 255 / 431 |
Focus
⚔️ 51.9% · 🌾 48.1%
Knight ×274 · Scout Cavalry ×154 · Trade Cart ×8 · Militia ×2 · Spearman ×1
Feudal
9:30
Castle
23:16
Imperial
38:29
| APM avg | 45.5 |
| APM peak | 95 |
| eAPM avg | 24.6 |
| Villagers / military | 175 / 338 |
Focus
⚔️ 33.1% · 🌾 66.9%
Knight ×171 · Scout Cavalry ×161 · Trebuchet (Packed) ×4 · Monk ×1 · Spearman ×1
Match map
Initial resources + every placement click. Lines = walls · curves = elevation contours. ◆ gold · ⬟ stone · ● berries · ✦ relic · ◌ wall gap
Your base· ✓ Closed at 22:26 · 41t walls · no gate
KDA HDT's base· Open — 4t gap
[TNT] KKKFFFFFFCC's base· ✓ Closed at 24:58 · 41t walls · 1 gate(s)
T's base· Open — unwalled flank
咬到德頭's base· Open — 5t gap
_LY_lyx's base· Open — 3t gap
齊豬大世子殿下's base· Open — 1t gap
码头卖艺's base· Open — 1t gap
Smoothed initial terrain · ◌ = detected wall gap · hover for details
Inputs per minute
— 矮袋鼠長公主 - - KDA HDT
Build order — 矮袋鼠長公主
First 150 of 586 actions detected
| 0:00 | Queue | Villager (Male) |
| 0:01 | Queue | Villager (Male) |
| 0:02 | Build | House |
| 0:03 | Build | House |
| 0:12 | Queue | Villager (Male) |
| 0:13 | Queue | Villager (Male) |
| 1:31 | Queue | Villager (Male) |
| 2:00 | Queue | Villager (Male) |
| 2:22 | Queue | Villager (Male) |
| 2:46 | Queue | Villager (Male) |
| 2:59 | Queue | Villager (Male) |
| 3:12 | Build | Lumber Camp |
| 3:26 | Queue | Villager (Male) |
| 3:34 | Build | House |
| 3:39 | Queue | Villager (Male) |
| 4:40 | Queue | Villager (Male) |
| 4:51 | Queue | Villager (Male) |
| 4:51 | Queue | Villager (Male) |
| 5:00 | Queue | Villager (Male) |
| 5:39 | Build | Mill |
| 5:59 | Research | Loom |
| 6:40 | Research | Feudal Age |
| 7:46 | Build | Farm |
| 7:49 | Build | Farm |
| 8:32 | Build | House |
| 8:55 | Age | Feudal Age |
| 8:59 | Queue | Villager (Male) |
| 8:59 | Queue | Villager (Male) |
| 9:02 | Build | Stable |
| 9:06 | Research | Double-Bit Axe |
| 9:15 | Queue | Villager (Male) |
| 9:29 | Build | Farm |
| 9:39 | Build | Palisade Wall |
| 9:43 | Queue | Scout Cavalry |
| 9:43 | Queue | Scout Cavalry |
| 9:49 | Build | Palisade Wall |
| 9:51 | Build | House |
| 9:54 | Queue | Villager (Male) |
| 9:58 | Build | House |
| 10:05 | Queue | Villager (Male) |
| 10:07 | Build | Farm |
| 10:10 | Build | Farm |
| 10:13 | Queue | Villager (Male) |
| 10:21 | Queue | Scout Cavalry |
| 10:43 | Build | House |
| 10:44 | Build | House |
| 10:47 | Queue | Scout Cavalry |
| 10:48 | Queue | Villager (Male) |
| 10:55 | Build | Farm |
| 11:15 | Build | Palisade Wall |
| 11:18 | Queue | Scout Cavalry |
| 11:19 | Queue | Villager (Male) |
| 11:25 | Build | Farm |
| 11:42 | Build | House |
| 11:44 | Build | House |
| 11:47 | Queue | Scout Cavalry |
| 12:04 | Queue | Scout Cavalry |
| 12:07 | Queue | Scout Cavalry |
| 12:07 | Queue | Villager (Male) |
| 12:08 | Queue | Villager (Male) |
| 12:11 | Queue | Villager (Male) |
| 12:21 | Build | Farm |
| 12:22 | Build | Farm |
| 12:31 | Queue | Scout Cavalry |
| 12:47 | Queue | Scout Cavalry |
| 12:59 | Build | House |
| 13:03 | Build | Palisade Wall |
| 13:06 | Queue | Villager (Male) |
| 13:07 | Queue | Villager (Male) |
| 13:20 | Queue | Scout Cavalry |
| 13:35 | Build | Blacksmith |
| 13:40 | Build | Farm |
| 13:40 | Build | Farm |
| 13:40 | Build | Farm |
| 13:40 | Build | Farm |
| 13:59 | Queue | Scout Cavalry |
| 14:00 | Queue | Villager (Male) |
| 14:01 | Queue | Villager (Male) |
| 14:03 | Build | Farm |
| 14:24 | Build | Palisade Wall |
| 14:33 | Queue | Scout Cavalry |
| 14:54 | Queue | Villager (Male) |
| 14:57 | Research | Scale Barding Armor |
| 15:04 | Build | Palisade Wall |
| 15:09 | Queue | Scout Cavalry |
| 15:17 | Build | Mining Camp |
| 15:24 | Queue | Villager (Male) |
| 15:28 | Queue | Villager (Male) |
| 15:30 | Build | Farm |
| 15:44 | Queue | Scout Cavalry |
| 15:48 | Queue | Villager (Male) |
| 15:56 | Queue | Scout Cavalry |
| 16:19 | Queue | Scout Cavalry |
| 16:20 | Queue | Villager (Male) |
| 16:29 | Queue | Villager (Male) |
| 16:32 | Build | Farm |
| 16:36 | Build | Farm |
| 16:54 | Research | Bloodlines |
| 16:54 | Research | Bloodlines |
| 16:55 | Queue | Villager (Male) |
| 17:20 | Queue | Villager (Male) |
| 17:24 | Build | Farm |
| 17:44 | Build | Farm |
| 17:45 | Build | Farm |
| 17:45 | Build | Farm |
| 17:45 | Build | Farm |
| 17:46 | Build | Farm |
| 17:46 | Build | Farm |
| 17:53 | Queue | Villager (Male) |
| 18:01 | Queue | Scout Cavalry |
| 18:14 | Queue | Villager (Male) |
| 18:28 | Queue | Villager (Male) |
| 18:34 | Queue | Scout Cavalry |
| 18:35 | Queue | Scout Cavalry |
| 18:41 | Build | Farm |
| 19:00 | Build | Stable |
| 19:15 | Build | Farm |
| 19:17 | Queue | Scout Cavalry |
| 19:18 | Queue | Villager (Male) |
| 19:46 | Research | Castle Age |
| 19:47 | Build | Farm |
| 19:57 | Queue | Scout Cavalry |
| 19:58 | Queue | Villager (Male) |
| 20:01 | Build | Farm |
| 20:10 | Queue | Scout Cavalry |
| 20:26 | Queue | Villager (Male) |
| 20:30 | Research | Gold Mining |
| 20:33 | Build | House |
| 20:40 | Queue | Scout Cavalry |
| 20:41 | Queue | Villager (Male) |
| 20:50 | Queue | Scout Cavalry |
| 21:13 | Queue | Scout Cavalry |
| 21:26 | Build | Lumber Camp |
| 21:28 | Build | Farm |
| 21:31 | Research | Horse Collar |
| 21:43 | Queue | Scout Cavalry |
| 21:57 | Queue | Scout Cavalry |
| 22:03 | Queue | Scout Cavalry |
| 22:20 | Build | House |
| 22:26 | Age | Castle Age |
| 22:31 | Queue | Battle Elephant ×5 |
| 22:36 | Research | Husbandry |
| 22:49 | Queue | Battle Elephant |
| 22:49 | Queue | Villager (Male) |
| 22:52 | Queue | Villager (Male) |
| 22:53 | Build | Farm |
| 22:53 | Build | Farm |
| 23:00 | Queue | Battle Elephant ×2 |
| 23:09 | Research | Chain Barding Armor |
| 23:09 | Research | Chain Barding Armor |
Build order — KDA HDT
First 150 of 503 actions detected
| 0:01 | Queue | Villager (Male) |
| 0:01 | Queue | Villager (Male) |
| 0:02 | Build | House |
| 0:03 | Build | House |
| 0:08 | Queue | Villager (Male) |
| 0:17 | Queue | Villager (Male) |
| 1:23 | Queue | Villager (Male) |
| 1:59 | Queue | Villager (Male) |
| 2:10 | Build | Lumber Camp |
| 2:19 | Queue | Villager (Male) |
| 2:44 | Queue | Villager (Male) |
| 2:44 | Queue | Villager (Male) |
| 3:07 | Queue | Villager (Male) |
| 3:37 | Queue | Villager (Male) |
| 3:58 | Build | House |
| 4:19 | Queue | Villager (Male) |
| 4:35 | Build | House |
| 4:37 | Queue | Villager (Male) |
| 4:50 | Build | Palisade Wall |
| 5:14 | Build | Mining Camp |
| 5:22 | Build | Palisade Wall |
| 5:27 | Queue | Villager (Male) |
| 5:49 | Queue | Villager (Male) |
| 6:20 | Queue | Villager (Male) |
| 6:24 | Research | Loom |
| 7:08 | Research | Feudal Age |
| 7:53 | Build | Barracks |
| 8:26 | Build | House |
| 9:02 | Queue | Villager (Male) |
| 9:03 | Queue | Villager (Male) |
| 9:20 | Age | Feudal Age |
| 9:22 | Build | Archery Range |
| 9:34 | Queue | Villager (Male) |
| 9:38 | Build | Archery Range |
| 9:50 | Research | Double-Bit Axe |
| 10:01 | Queue | Villager (Male) |
| 10:05 | Build | House |
| 10:15 | Queue | Archer |
| 10:15 | Queue | Archer |
| 10:21 | Queue | Villager (Male) |
| 10:40 | Build | House |
| 10:46 | Build | House |
| 10:57 | Queue | Archer |
| 10:57 | Queue | Archer |
| 10:58 | Queue | Villager (Male) |
| 11:00 | Build | Mill |
| 11:09 | Build | House |
| 11:15 | Build | House |
| 11:18 | Build | Palisade Wall |
| 11:30 | Queue | Archer |
| 11:30 | Queue | Archer |
| 11:32 | Queue | Villager (Male) |
| 11:53 | Build | Blacksmith |
| 11:57 | Queue | Archer |
| 11:57 | Queue | Archer |
| 12:10 | Queue | Villager (Male) |
| 12:18 | Build | Farm |
| 12:19 | Build | Farm |
| 12:23 | Queue | Villager (Male) |
| 12:29 | Queue | Archer |
| 12:29 | Queue | Archer |
| 12:42 | Build | Farm |
| 12:49 | Research | Fletching |
| 13:06 | Queue | Archer |
| 13:11 | Build | Farm |
| 13:17 | Queue | Archer |
| 13:30 | Queue | Villager (Male) |
| 13:31 | Queue | Archer |
| 13:33 | Queue | Villager (Male) |
| 13:34 | Build | Farm |
| 13:40 | Queue | Archer |
| 13:59 | Build | House |
| 14:05 | Queue | Archer |
| 14:09 | Queue | Villager (Male) |
| 14:11 | Build | Farm |
| 14:19 | Queue | Archer |
| 14:27 | Queue | Villager (Male) |
| 14:34 | Queue | Archer |
| 14:34 | Queue | Archer |
| 14:36 | Queue | Villager (Male) |
| 14:39 | Build | House |
| 14:48 | Build | Farm |
| 14:51 | Queue | Archer |
| 15:07 | Queue | Villager (Male) |
| 15:08 | Queue | Archer |
| 15:12 | Build | Watch Tower |
| 15:17 | Queue | Villager (Male) |
| 15:20 | Build | House |
| 15:25 | Build | Farm |
| 15:39 | Queue | Villager (Male) |
| 16:09 | Build | Farm |
| 16:14 | Queue | Villager (Male) |
| 16:16 | Build | House |
| 16:23 | Queue | Archer |
| 16:23 | Queue | Archer |
| 16:25 | Queue | Villager (Male) |
| 16:28 | Build | Farm |
| 16:36 | Queue | Archer |
| 16:39 | Queue | Villager (Male) |
| 16:55 | Research | Wheelbarrow |
| 17:05 | Queue | Archer |
| 17:23 | Build | Farm |
| 17:26 | Queue | Villager (Male) |
| 17:44 | Queue | Archer |
| 17:44 | Queue | Archer |
| 18:13 | Queue | Villager (Male) |
| 18:37 | Build | Lumber Camp |
| 18:45 | Build | House |
| 18:50 | Build | House |
| 18:52 | Build | House |
| 18:54 | Build | House |
| 19:19 | Queue | Archer |
| 19:19 | Queue | Archer |
| 19:26 | Build | House |
| 19:27 | Build | House |
| 19:27 | Build | House |
| 19:32 | Queue | Archer |
| 19:33 | Queue | Archer |
| 20:16 | Research | Castle Age |
| 20:23 | Queue | Archer |
| 20:23 | Queue | Archer |
| 20:23 | Queue | Archer |
| 20:41 | Research | Padded Archer Armor |
| 20:43 | Queue | Archer |
| 20:44 | Queue | Archer |
| 20:47 | Build | Archery Range |
| 21:01 | Queue | Archer |
| 21:05 | Queue | Archer |
| 21:09 | Research | Gold Mining |
| 21:18 | Queue | Archer |
| 21:44 | Queue | Archer |
| 21:44 | Queue | Archer |
| 21:51 | Build | House |
| 22:06 | Build | Lumber Camp |
| 22:16 | Build | Market |
| 22:44 | Queue | Archer |
| 22:44 | Queue | Archer |
| 22:44 | Queue | Archer |
| 22:56 | Age | Castle Age |
| 22:58 | Research | Crossbowman (upgrade) |
| 23:18 | Build | Farm |
| 23:20 | Build | Farm |
| 23:23 | Build | University |
| 23:40 | Research | Bodkin Arrow |
| 23:40 | Research | Bodkin Arrow |
| 23:41 | Queue | Archer |
| 23:41 | Queue | Archer |
| 23:41 | Queue | Archer |
| 23:48 | Queue | Archer |
| 23:49 | Queue | Archer |
Build order — [TNT] KKKFFFFFFCC
First 150 of 535 actions detected
| 0:01 | Queue | Villager (Male) |
| 0:01 | Queue | Villager (Male) |
| 0:01 | Queue | Villager (Male) |
| 0:02 | Build | House |
| 0:04 | Build | House |
| 0:07 | Queue | Villager (Male) |
| 1:18 | Queue | Villager (Male) |
| 1:18 | Queue | Villager (Male) |
| 1:57 | Queue | Villager (Male) |
| 1:58 | Queue | Villager (Male) |
| 2:00 | Build | Lumber Camp |
| 2:16 | Queue | Villager (Male) |
| 2:46 | Queue | Villager (Male) |
| 3:07 | Queue | Villager (Male) |
| 3:08 | Queue | Villager (Male) |
| 3:37 | Build | House |
| 4:04 | Queue | Villager (Male) |
| 4:04 | Queue | Villager (Male) |
| 4:14 | Queue | Villager (Male) |
| 4:40 | Queue | Villager (Male) |
| 4:40 | Queue | Villager (Male) |
| 4:45 | Queue | Villager (Male) |
| 4:48 | Research | Loom |
| 5:41 | Build | Mining Camp |
| 6:38 | Research | Feudal Age |
| 7:05 | Build | Barracks |
| 7:32 | Build | House |
| 8:46 | Queue | Villager (Male) |
| 8:46 | Queue | Villager (Male) |
| 8:51 | Age | Feudal Age |
| 8:57 | Build | Archery Range |
| 9:01 | Build | Archery Range |
| 9:14 | Queue | Villager (Male) |
| 9:40 | Build | House |
| 9:45 | Build | Blacksmith |
| 9:51 | Queue | Villager (Male) |
| 9:55 | Queue | Archer |
| 9:56 | Queue | Archer |
| 10:09 | Queue | Archer |
| 10:11 | Queue | Archer |
| 10:22 | Queue | Villager (Male) |
| 10:29 | Build | Palisade Gate |
| 10:41 | Research | Fletching |
| 10:53 | Queue | Villager (Male) |
| 10:53 | Queue | Villager (Male) |
| 10:56 | Build | House |
| 10:59 | Queue | Archer |
| 10:59 | Queue | Archer |
| 11:14 | Queue | Archer |
| 11:20 | Build | House |
| 11:25 | Queue | Villager (Male) |
| 11:25 | Queue | Villager (Male) |
| 11:37 | Queue | Archer |
| 11:58 | Queue | Archer |
| 12:09 | Queue | Archer |
| 12:09 | Queue | Archer |
| 12:09 | Queue | Villager (Male) |
| 12:26 | Build | Mill |
| 12:29 | Queue | Archer |
| 12:36 | Build | Palisade Wall |
| 12:47 | Queue | Villager (Male) |
| 12:48 | Queue | Archer |
| 12:48 | Queue | Archer |
| 13:08 | Queue | Archer |
| 13:09 | Queue | Archer |
| 13:20 | Queue | Archer |
| 13:35 | Queue | Archer |
| 13:51 | Queue | Villager (Male) |
| 13:51 | Queue | Villager (Male) |
| 13:56 | Build | House |
| 13:56 | Build | House |
| 13:59 | Build | House |
| 14:02 | Queue | Archer |
| 14:15 | Queue | Archer |
| 14:15 | Queue | Archer |
| 14:32 | Queue | Archer |
| 14:34 | Queue | Villager (Male) |
| 14:54 | Build | Farm |
| 14:57 | Build | House |
| 14:59 | Build | Palisade Wall |
| 15:00 | Queue | Archer |
| 15:00 | Queue | Archer |
| 15:15 | Queue | Villager (Male) |
| 15:16 | Queue | Archer |
| 15:22 | Build | Farm |
| 15:24 | Build | Palisade Wall |
| 15:35 | Queue | Archer |
| 15:50 | Queue | Archer |
| 15:54 | Build | Farm |
| 16:08 | Build | House |
| 16:10 | Build | Palisade Wall |
| 16:11 | Build | Palisade Wall |
| 16:24 | Queue | Villager (Male) |
| 16:30 | Queue | Villager (Male) |
| 16:31 | Queue | Archer |
| 16:40 | Build | House |
| 16:47 | Queue | Villager (Male) |
| 16:53 | Build | Farm |
| 16:54 | Build | Farm |
| 17:22 | Queue | Villager (Male) |
| 17:23 | Build | Farm |
| 17:25 | Build | Farm |
| 17:40 | Queue | Villager (Male) |
| 17:41 | Build | Farm |
| 17:58 | Queue | Archer |
| 17:58 | Queue | Archer |
| 18:24 | Build | House |
| 18:25 | Build | Palisade Wall |
| 18:32 | Queue | Archer |
| 18:35 | Queue | Archer |
| 18:46 | Queue | Villager (Male) |
| 18:46 | Queue | Villager (Male) |
| 18:48 | Build | Farm |
| 19:02 | Build | Farm |
| 19:03 | Build | Farm |
| 19:04 | Queue | Villager (Male) |
| 19:05 | Queue | Archer |
| 19:05 | Queue | Archer |
| 19:39 | Queue | Villager (Male) |
| 19:40 | Build | Farm |
| 19:41 | Queue | Archer |
| 19:41 | Queue | Archer |
| 19:51 | Queue | Archer |
| 19:51 | Queue | Archer |
| 20:17 | Queue | Archer |
| 20:17 | Queue | Archer |
| 20:21 | Build | House |
| 20:21 | Build | House |
| 20:44 | Queue | Villager (Male) |
| 20:45 | Build | Farm |
| 20:46 | Build | Farm |
| 21:11 | Queue | Villager (Male) |
| 21:12 | Queue | Archer |
| 21:12 | Queue | Archer |
| 21:23 | Build | Palisade Wall |
| 21:53 | Queue | Villager (Male) |
| 21:54 | Build | House |
| 21:56 | Build | Palisade Wall |
| 22:14 | Research | Castle Age |
| 22:37 | Build | House |
| 22:48 | Research | Double-Bit Axe |
| 23:16 | Build | Watch Tower |
| 23:24 | Research | Gold Mining |
| 23:25 | Research | Padded Archer Armor |
| 23:36 | Queue | Archer |
| 23:36 | Queue | Archer |
| 23:57 | Queue | Villager (Male) |
| 24:13 | Queue | Archer |
| 24:13 | Queue | Archer |
| 24:46 | Build | Farm |
Build order — T
First 150 of 672 actions detected
| 0:00 | Queue | Villager (Male) ×4 |
| 0:02 | Build | House |
| 0:03 | Build | House |
| 1:26 | Queue | Villager (Male) |
| 1:26 | Queue | Villager (Male) |
| 1:50 | Build | Lumber Camp |
| 1:59 | Queue | Villager (Male) |
| 2:18 | Queue | Villager (Male) |
| 2:50 | Queue | Villager (Male) |
| 2:50 | Queue | Villager (Male) |
| 3:11 | Queue | Villager (Male) |
| 3:39 | Queue | Villager (Male) |
| 3:55 | Build | House |
| 3:58 | Build | House |
| 4:08 | Queue | Villager (Male) ×2 |
| 4:32 | Queue | Villager (Male) |
| 4:32 | Queue | Villager (Male) |
| 4:40 | Build | Palisade Wall |
| 4:56 | Build | Mill |
| 5:22 | Queue | Villager (Male) |
| 5:35 | Queue | Villager (Male) |
| 6:17 | Queue | Villager (Male) |
| 6:43 | Research | Feudal Age |
| 7:49 | Build | Barracks |
| 8:08 | Queue | Villager (Male) |
| 8:34 | Queue | Villager (Male) |
| 8:53 | Age | Feudal Age |
| 8:57 | Build | Stable |
| 9:04 | Research | Loom |
| 9:18 | Queue | Villager (Male) |
| 9:19 | Research | Loom |
| 9:20 | Research | Double-Bit Axe |
| 9:21 | Research | Horse Collar |
| 9:26 | Build | House |
| 9:28 | Build | House |
| 9:39 | Build | Palisade Wall |
| 9:43 | Queue | Scout Cavalry |
| 9:43 | Queue | Scout Cavalry |
| 9:51 | Build | Farm |
| 9:51 | Build | Farm |
| 9:56 | Queue | Villager (Male) |
| 10:03 | Build | House |
| 10:23 | Build | Farm |
| 10:26 | Queue | Villager (Male) |
| 10:32 | Queue | Scout Cavalry |
| 10:40 | Build | Farm |
| 10:43 | Queue | Scout Cavalry |
| 10:58 | Build | Farm |
| 11:05 | Queue | Villager (Male) |
| 11:18 | Build | Farm |
| 11:18 | Queue | Villager (Male) |
| 11:36 | Queue | Scout Cavalry |
| 11:40 | Build | Farm |
| 11:45 | Queue | Scout Cavalry |
| 11:50 | Build | House |
| 11:51 | Build | House |
| 11:55 | Queue | Villager (Male) |
| 12:03 | Build | Farm |
| 12:13 | Queue | Scout Cavalry |
| 12:37 | Queue | Scout Cavalry |
| 12:43 | Queue | Villager (Male) |
| 13:01 | Queue | Villager (Male) |
| 13:06 | Build | Farm |
| 13:07 | Build | Farm |
| 13:07 | Build | Farm |
| 13:08 | Build | Farm |
| 13:14 | Queue | Scout Cavalry |
| 13:17 | Build | Farm |
| 13:28 | Queue | Villager (Male) |
| 13:39 | Queue | Villager (Male) |
| 13:42 | Build | House |
| 13:43 | Build | Palisade Wall |
| 13:53 | Build | Farm |
| 14:01 | Queue | Scout Cavalry |
| 14:07 | Queue | Villager (Male) |
| 14:19 | Queue | Scout Cavalry |
| 14:27 | Build | Blacksmith |
| 14:32 | Queue | Villager (Male) |
| 14:39 | Build | House |
| 14:40 | Build | House |
| 14:55 | Queue | Scout Cavalry |
| 15:00 | Queue | Scout Cavalry |
| 15:02 | Queue | Villager (Male) |
| 15:06 | Build | Farm |
| 15:15 | Build | House |
| 15:17 | Build | House |
| 15:22 | Build | Farm |
| 15:23 | Build | Farm |
| 15:27 | Research | Scale Barding Armor |
| 15:27 | Research | Scale Barding Armor |
| 15:37 | Queue | Villager (Male) |
| 15:40 | Build | Farm |
| 16:04 | Queue | Scout Cavalry |
| 16:05 | Queue | Villager (Male) |
| 16:22 | Queue | Scout Cavalry |
| 16:23 | Queue | Villager (Male) |
| 16:25 | Build | Farm |
| 16:26 | Build | Farm |
| 16:28 | Build | Farm |
| 16:47 | Queue | Villager (Male) |
| 16:55 | Queue | Villager (Male) |
| 16:58 | Build | House |
| 17:01 | Build | House |
| 17:10 | Queue | Scout Cavalry |
| 17:11 | Queue | Scout Cavalry |
| 17:19 | Build | Mining Camp |
| 17:35 | Queue | Villager (Male) |
| 17:43 | Build | Lumber Camp |
| 17:47 | Build | Palisade Wall |
| 17:54 | Queue | Villager (Male) |
| 17:57 | Build | Palisade Wall |
| 18:12 | Queue | Villager (Male) |
| 18:13 | Queue | Scout Cavalry |
| 18:14 | Queue | Scout Cavalry |
| 18:34 | Build | House |
| 18:36 | Build | House |
| 18:47 | Queue | Villager (Male) |
| 18:48 | Queue | Scout Cavalry |
| 18:50 | Build | Stable |
| 18:56 | Research | Bloodlines |
| 18:56 | Research | Bloodlines |
| 19:07 | Queue | Villager (Male) |
| 19:49 | Queue | Villager (Male) |
| 19:52 | Queue | Scout Cavalry |
| 19:52 | Queue | Scout Cavalry |
| 19:55 | Build | House |
| 19:56 | Build | House |
| 20:10 | Queue | Scout Cavalry |
| 20:10 | Queue | Scout Cavalry |
| 20:11 | Queue | Villager (Male) |
| 20:39 | Queue | Villager (Male) |
| 20:51 | Queue | Villager (Male) |
| 20:54 | Build | Farm |
| 20:54 | Build | Farm |
| 20:56 | Build | Farm |
| 20:57 | Queue | Scout Cavalry |
| 20:57 | Queue | Scout Cavalry |
| 21:06 | Build | Stable |
| 21:17 | Queue | Villager (Male) |
| 21:38 | Build | House |
| 21:41 | Build | Lumber Camp |
| 21:53 | Build | Market |
| 22:00 | Build | Farm |
| 22:04 | Research | Castle Age |
| 22:20 | Build | Palisade Wall |
| 22:21 | Build | Palisade Wall |
| 22:23 | Build | Palisade Wall |
| 22:31 | Research | Gold Mining |
| 22:35 | Queue | Scout Cavalry |
| 22:43 | Build | Farm |
Build order — 咬到德頭
First 150 of 731 actions detected
| 0:00 | Research | Loom |
| 0:02 | Build | House |
| 0:02 | Build | House |
| 0:11 | Queue | Villager (Male) |
| 0:11 | Queue | Villager (Male) |
| 0:15 | Queue | Villager (Male) |
| 1:17 | Queue | Villager (Male) |
| 1:53 | Queue | Villager (Male) |
| 1:53 | Queue | Villager (Male) |
| 1:55 | Build | Lumber Camp |
| 2:29 | Queue | Villager (Male) |
| 2:29 | Queue | Villager (Male) |
| 2:29 | Queue | Villager (Male) |
| 2:53 | Queue | Villager (Male) |
| 3:23 | Queue | Villager (Male) |
| 3:23 | Queue | Villager (Male) |
| 3:24 | Queue | Villager (Male) |
| 3:51 | Build | House |
| 4:07 | Queue | Villager (Male) |
| 4:18 | Queue | Villager (Male) |
| 4:34 | Queue | Villager (Male) |
| 4:34 | Queue | Villager (Male) |
| 4:47 | Build | Mining Camp |
| 5:15 | Queue | Villager (Male) |
| 5:43 | Queue | Villager (Male) |
| 6:29 | Research | Feudal Age |
| 7:17 | Build | Barracks |
| 7:24 | Build | Palisade Gate |
| 8:08 | Build | House |
| 8:18 | Queue | Villager (Male) |
| 8:25 | Build | House |
| 8:51 | Age | Feudal Age |
| 8:53 | Build | Archery Range |
| 8:56 | Build | Archery Range |
| 9:05 | Research | Double-Bit Axe |
| 9:14 | Queue | Villager (Male) |
| 9:43 | Build | House |
| 9:45 | Queue | Villager (Male) |
| 9:48 | Queue | Archer |
| 9:53 | Queue | Archer |
| 10:02 | Queue | Villager (Male) |
| 10:10 | Build | Blacksmith |
| 10:11 | Queue | Archer |
| 10:16 | Queue | Archer |
| 10:22 | Build | House |
| 10:33 | Queue | Villager (Male) |
| 10:46 | Build | House |
| 10:47 | Queue | Archer |
| 10:58 | Build | Mill |
| 11:02 | Queue | Villager (Male) |
| 11:02 | Queue | Villager (Male) |
| 11:04 | Queue | Archer |
| 11:21 | Research | Fletching |
| 11:27 | Build | Palisade Wall |
| 11:30 | Build | House |
| 11:31 | Build | Palisade Wall |
| 11:33 | Queue | Archer |
| 11:44 | Queue | Archer |
| 11:51 | Queue | Villager (Male) |
| 11:59 | Build | House |
| 12:01 | Build | House |
| 12:04 | Build | Palisade Wall |
| 12:16 | Queue | Archer |
| 12:27 | Queue | Villager (Male) |
| 12:37 | Build | Palisade Gate |
| 12:40 | Build | Palisade Gate |
| 12:48 | Queue | Villager (Male) |
| 13:11 | Queue | Archer |
| 13:21 | Queue | Villager (Male) |
| 13:22 | Queue | Villager (Male) |
| 13:43 | Queue | Archer |
| 13:45 | Queue | Villager (Male) |
| 13:45 | Queue | Villager (Male) |
| 13:53 | Queue | Archer |
| 14:18 | Queue | Archer |
| 14:20 | Queue | Villager (Male) |
| 14:24 | Build | Farm |
| 14:24 | Build | Farm |
| 14:27 | Queue | Archer |
| 14:34 | Queue | Archer |
| 14:49 | Queue | Villager (Male) |
| 14:50 | Build | Farm |
| 15:02 | Queue | Archer |
| 15:16 | Build | Palisade Gate |
| 15:17 | Build | House |
| 15:19 | Queue | Archer |
| 15:27 | Queue | Villager (Male) |
| 15:34 | Build | Farm |
| 15:44 | Queue | Villager (Male) |
| 15:46 | Queue | Archer |
| 16:02 | Queue | Archer |
| 16:20 | Queue | Archer |
| 16:20 | Queue | Villager (Male) |
| 16:23 | Build | Farm |
| 16:25 | Build | Farm |
| 16:27 | Build | House |
| 16:36 | Queue | Archer |
| 17:14 | Build | Farm |
| 17:15 | Build | Farm |
| 17:17 | Queue | Villager (Male) |
| 17:18 | Build | Farm |
| 17:20 | Build | Farm |
| 17:23 | Queue | Archer |
| 17:23 | Queue | Archer |
| 17:31 | Queue | Archer |
| 17:39 | Queue | Villager (Male) |
| 17:50 | Build | Farm |
| 17:53 | Queue | Villager (Male) |
| 18:22 | Queue | Archer |
| 18:23 | Queue | Archer |
| 18:44 | Build | Market |
| 19:01 | Queue | Archer |
| 19:02 | Queue | Archer |
| 19:03 | Queue | Villager (Male) |
| 19:03 | Queue | Villager (Male) |
| 19:17 | Queue | Archer |
| 19:22 | Build | House |
| 19:44 | Queue | Archer |
| 19:45 | Queue | Archer |
| 20:04 | Research | Castle Age |
| 20:04 | Research | Castle Age |
| 20:25 | Queue | Archer |
| 20:28 | Research | Gold Mining |
| 20:29 | Research | Gold Mining |
| 20:40 | Build | Palisade Wall |
| 20:57 | Research | Horse Collar |
| 20:58 | Queue | Archer |
| 20:59 | Queue | Archer |
| 21:01 | Queue | Villager (Male) |
| 21:27 | Queue | Archer |
| 21:27 | Queue | Archer |
| 21:32 | Build | Archery Range |
| 21:41 | Research | Padded Archer Armor |
| 21:47 | Build | House |
| 21:48 | Build | Palisade Wall |
| 22:05 | Queue | Archer |
| 22:05 | Queue | Archer |
| 22:24 | Queue | Archer |
| 22:33 | Queue | Archer |
| 22:40 | Build | Farm |
| 22:44 | Age | Castle Age |
| 22:46 | Research | Crossbowman (upgrade) |
| 22:50 | Research | Bodkin Arrow |
| 22:50 | Research | Bodkin Arrow |
| 22:51 | Queue | Villager (Male) |
| 22:51 | Queue | Villager (Male) |
| 22:54 | Build | University |
| 22:58 | Queue | Archer |
| 23:05 | Queue | Archer |
| 23:06 | Queue | Archer |
Build order — _LY_lyx
First 150 of 660 actions detected
| 0:01 | Queue | Villager (Male) |
| 0:02 | Queue | Villager (Male) |
| 0:02 | Build | House |
| 0:04 | Build | House |
| 0:12 | Queue | Villager (Male) |
| 0:19 | Queue | Villager (Male) |
| 0:26 | Build | Mill |
| 1:27 | Queue | Villager (Male) |
| 1:27 | Queue | Villager (Male) |
| 1:57 | Queue | Villager (Male) |
| 1:57 | Queue | Villager (Male) |
| 2:23 | Queue | Villager (Male) |
| 2:23 | Queue | Villager (Male) |
| 2:37 | Queue | Villager (Male) |
| 2:37 | Queue | Villager (Male) |
| 3:12 | Queue | Villager (Male) |
| 3:28 | Queue | Villager (Male) |
| 3:46 | Queue | Villager (Male) |
| 3:55 | Build | House |
| 4:19 | Build | Lumber Camp |
| 4:19 | Queue | Villager (Male) |
| 4:51 | Queue | Villager (Male) |
| 5:18 | Queue | Villager (Male) |
| 5:48 | Research | Loom |
| 6:13 | Research | Feudal Age |
| 6:13 | Research | Feudal Age |
| 6:26 | Build | Mining Camp |
| 7:28 | Build | Barracks |
| 7:34 | Build | Barracks |
| 7:53 | Queue | Villager (Male) |
| 7:58 | Build | House |
| 8:26 | Age | Feudal Age |
| 8:29 | Build | Archery Range |
| 8:47 | Research | Double-Bit Axe |
| 8:48 | Queue | Villager (Male) |
| 9:07 | Queue | Villager (Male) |
| 9:08 | Build | Archery Range |
| 9:18 | Queue | Archer |
| 9:23 | Build | Palisade Gate |
| 9:24 | Build | House |
| 9:42 | Queue | Villager (Male) |
| 9:47 | Build | House |
| 9:51 | Queue | Archer |
| 9:56 | Queue | Archer |
| 10:09 | Queue | Villager (Male) |
| 10:09 | Queue | Villager (Male) |
| 10:26 | Build | Blacksmith |
| 10:41 | Queue | Archer |
| 10:41 | Queue | Archer |
| 10:43 | Queue | Villager (Male) |
| 10:56 | Build | Palisade Wall |
| 10:57 | Build | Palisade Wall |
| 11:03 | Queue | Archer |
| 11:17 | Build | House |
| 11:18 | Build | House |
| 11:20 | Research | Fletching |
| 11:20 | Research | Fletching |
| 11:23 | Queue | Archer |
| 11:39 | Queue | Archer |
| 11:39 | Queue | Archer |
| 11:43 | Queue | Villager (Male) |
| 12:01 | Build | House |
| 12:03 | Build | House |
| 12:13 | Queue | Villager (Male) |
| 12:34 | Queue | Archer |
| 12:34 | Queue | Archer |
| 12:49 | Queue | Villager (Male) |
| 12:58 | Build | House |
| 13:02 | Queue | Archer |
| 13:03 | Queue | Archer |
| 13:22 | Queue | Villager (Male) |
| 13:24 | Build | Farm |
| 13:29 | Queue | Archer |
| 13:38 | Build | Farm |
| 13:55 | Build | Farm |
| 14:03 | Build | Farm |
| 14:09 | Queue | Villager (Male) |
| 14:09 | Queue | Villager (Male) |
| 14:10 | Build | Farm |
| 14:17 | Queue | Archer |
| 14:27 | Build | House |
| 14:40 | Queue | Archer |
| 14:43 | Queue | Villager (Male) |
| 14:43 | Queue | Villager (Male) |
| 14:49 | Queue | Villager (Male) |
| 14:49 | Queue | Villager (Male) |
| 14:51 | Queue | Archer |
| 14:51 | Queue | Archer |
| 15:01 | Queue | Archer |
| 15:04 | Build | House |
| 15:14 | Queue | Villager (Male) |
| 15:24 | Build | Farm |
| 15:40 | Build | Farm |
| 15:41 | Queue | Villager (Male) |
| 15:43 | Build | House |
| 15:59 | Research | Padded Archer Armor |
| 16:07 | Queue | Archer |
| 16:09 | Build | Farm |
| 16:20 | Queue | Archer |
| 16:22 | Build | House |
| 16:27 | Queue | Villager (Male) |
| 16:27 | Queue | Villager (Male) |
| 16:35 | Queue | Archer |
| 17:07 | Queue | Archer |
| 17:08 | Queue | Villager (Male) |
| 17:10 | Build | Farm |
| 17:11 | Build | Farm |
| 17:18 | Queue | Archer |
| 17:28 | Queue | Archer |
| 17:34 | Queue | Villager (Male) |
| 17:35 | Build | Farm |
| 17:46 | Build | Farm |
| 17:50 | Build | House |
| 18:19 | Queue | Villager (Male) |
| 18:23 | Queue | Archer |
| 18:35 | Queue | Archer |
| 18:40 | Queue | Villager (Male) |
| 18:56 | Queue | Archer |
| 19:00 | Queue | Villager (Male) |
| 19:02 | Build | Market |
| 19:07 | Queue | Archer |
| 19:19 | Build | Lumber Camp |
| 19:36 | Queue | Archer |
| 20:11 | Queue | Archer |
| 20:33 | Research | Castle Age |
| 21:09 | Build | Archery Range |
| 21:24 | Build | House |
| 21:26 | Build | Farm |
| 21:40 | Research | Wheelbarrow |
| 21:58 | Build | Farm |
| 22:00 | Build | Farm |
| 22:30 | Build | Stable |
| 22:37 | Build | Farm |
| 22:40 | Build | Farm |
| 22:44 | Build | Farm |
| 22:53 | Research | Gold Mining |
| 22:53 | Research | Gold Mining |
| 23:06 | Build | Farm |
| 23:13 | Age | Castle Age |
| 23:16 | Queue | Elephant Archer |
| 23:16 | Queue | Elephant Archer |
| 23:16 | Queue | Elephant Archer |
| 23:20 | Build | Farm |
| 23:22 | Build | Palisade Wall |
| 23:24 | Build | Palisade Wall |
| 23:29 | Research | Bloodlines |
| 23:29 | Research | Husbandry |
| 23:33 | Queue | Villager (Male) |
| 23:39 | Queue | Elephant Archer |
| 23:39 | Queue | Elephant Archer |
Build order — 齊豬大世子殿下
First 150 of 951 actions detected
| 0:02 | Queue | Villager (Male) |
| 0:04 | Build | House |
| 0:15 | Queue | Villager (Male) |
| 0:15 | Queue | Villager (Male) |
| 0:19 | Queue | Villager (Male) |
| 1:31 | Queue | Villager (Male) |
| 1:52 | Build | House |
| 1:54 | Build | House |
| 2:08 | Queue | Villager (Male) |
| 2:23 | Build | Lumber Camp |
| 2:38 | Queue | Villager (Male) |
| 2:38 | Queue | Villager (Male) |
| 3:08 | Queue | Villager (Male) |
| 3:24 | Queue | Villager (Male) |
| 3:24 | Queue | Villager (Male) |
| 4:04 | Queue | Villager (Male) |
| 4:37 | Queue | Villager (Male) |
| 4:56 | Build | Mill |
| 4:59 | Queue | Villager (Male) |
| 5:00 | Queue | Villager (Male) |
| 5:41 | Queue | Villager (Male) |
| 6:06 | Build | House |
| 6:23 | Queue | Villager (Male) |
| 6:42 | Research | Feudal Age |
| 6:43 | Research | Feudal Age |
| 8:17 | Build | Barracks |
| 8:30 | Build | Palisade Wall |
| 8:33 | Queue | Villager (Male) |
| 8:56 | Build | Farm |
| 8:58 | Age | Feudal Age |
| 9:02 | Queue | Villager (Male) |
| 9:03 | Research | Double-Bit Axe |
| 9:20 | Build | Stable |
| 9:23 | Queue | Villager (Male) |
| 9:42 | Build | House |
| 9:50 | Build | Farm |
| 9:51 | Queue | Villager (Male) |
| 10:01 | Build | House |
| 10:05 | Build | Palisade Wall |
| 10:08 | Queue | Scout Cavalry |
| 10:08 | Queue | Scout Cavalry |
| 10:09 | Queue | Villager (Male) |
| 10:26 | Build | Farm |
| 10:41 | Research | Horse Collar |
| 10:41 | Research | Horse Collar |
| 10:45 | Build | Palisade Wall |
| 10:51 | Queue | Scout Cavalry |
| 10:53 | Queue | Villager (Male) |
| 11:13 | Queue | Villager (Male) |
| 11:15 | Build | Farm |
| 11:26 | Build | Farm |
| 11:31 | Queue | Scout Cavalry |
| 11:33 | Queue | Villager (Male) |
| 11:40 | Build | Farm |
| 11:50 | Build | Farm |
| 11:58 | Queue | Scout Cavalry |
| 12:11 | Build | Farm |
| 12:19 | Queue | Scout Cavalry |
| 12:23 | Queue | Villager (Male) |
| 12:26 | Queue | Scout Cavalry |
| 12:44 | Queue | Scout Cavalry |
| 13:08 | Queue | Scout Cavalry |
| 13:12 | Build | Farm |
| 13:13 | Build | Farm |
| 13:14 | Build | Farm |
| 13:15 | Build | Farm |
| 13:16 | Queue | Scout Cavalry |
| 13:18 | Queue | Villager (Male) |
| 13:18 | Queue | Villager (Male) |
| 13:19 | Queue | Villager (Male) |
| 13:39 | Queue | Villager (Male) |
| 13:41 | Build | Blacksmith |
| 13:45 | Queue | Scout Cavalry |
| 13:49 | Build | House |
| 14:00 | Research | Wheelbarrow |
| 14:00 | Research | Wheelbarrow |
| 14:01 | Research | Loom |
| 14:07 | Build | House |
| 14:19 | Queue | Scout Cavalry |
| 14:32 | Build | Palisade Wall |
| 14:34 | Build | Palisade Wall |
| 14:38 | Queue | Scout Cavalry |
| 14:45 | Research | Scale Barding Armor |
| 14:45 | Research | Scale Barding Armor |
| 14:54 | Build | Farm |
| 14:55 | Build | Farm |
| 14:58 | Build | Palisade Wall |
| 15:03 | Queue | Scout Cavalry |
| 15:11 | Build | Palisade Gate |
| 15:12 | Build | House |
| 15:14 | Build | Palisade Wall |
| 15:19 | Queue | Villager (Male) |
| 15:20 | Queue | Villager (Male) |
| 15:31 | Build | Farm |
| 15:49 | Research | Bloodlines |
| 15:58 | Build | Mining Camp |
| 16:04 | Queue | Scout Cavalry |
| 16:26 | Queue | Villager (Male) |
| 16:28 | Build | Farm |
| 16:41 | Queue | Scout Cavalry |
| 16:41 | Queue | Villager (Male) |
| 16:42 | Queue | Villager (Male) |
| 16:48 | Build | Farm |
| 17:08 | Queue | Scout Cavalry |
| 17:22 | Queue | Villager (Male) |
| 17:25 | Build | Farm |
| 17:27 | Build | Farm |
| 17:35 | Build | Farm |
| 17:39 | Queue | Scout Cavalry |
| 17:44 | Queue | Villager (Male) |
| 17:55 | Build | Farm |
| 18:04 | Queue | Scout Cavalry |
| 18:11 | Queue | Villager (Male) |
| 18:23 | Build | Stable |
| 18:24 | Queue | Scout Cavalry |
| 18:35 | Queue | Villager (Male) |
| 18:39 | Build | House |
| 18:39 | Build | House |
| 18:52 | Build | Farm |
| 19:03 | Queue | Scout Cavalry |
| 19:04 | Queue | Villager (Male) |
| 19:10 | Queue | Scout Cavalry |
| 19:10 | Queue | Scout Cavalry |
| 19:11 | Queue | Scout Cavalry |
| 19:20 | Queue | Scout Cavalry |
| 19:20 | Queue | Villager (Male) |
| 19:23 | Queue | Scout Cavalry |
| 19:24 | Queue | Scout Cavalry |
| 19:28 | Build | Farm |
| 19:29 | Build | Farm |
| 19:40 | Queue | Scout Cavalry |
| 19:40 | Queue | Scout Cavalry |
| 19:42 | Queue | Villager (Male) |
| 19:50 | Build | House |
| 19:51 | Build | House |
| 20:11 | Build | Farm |
| 20:22 | Queue | Scout Cavalry |
| 20:51 | Research | Castle Age |
| 20:51 | Research | Castle Age |
| 20:53 | Research | Loom |
| 20:54 | Research | Castle Age |
| 20:58 | Queue | Scout Cavalry |
| 21:11 | Queue | Scout Cavalry |
| 21:11 | Queue | Scout Cavalry |
| 21:19 | Build | Stable |
| 21:25 | Research | Gold Mining |
| 21:30 | Queue | Scout Cavalry |
| 21:30 | Queue | Scout Cavalry |
| 21:42 | Build | Lumber Camp |
| 21:51 | Queue | Scout Cavalry |
Build order — 码头卖艺
First 150 of 615 actions detected
| 0:03 | Queue | Villager (Male) |
| 0:04 | Queue | Villager (Male) |
| 0:04 | Queue | Villager (Male) |
| 0:04 | Queue | Villager (Male) |
| 0:04 | Queue | Villager (Male) |
| 1:21 | Queue | Villager (Male) |
| 1:21 | Queue | Villager (Male) |
| 2:00 | Queue | Villager (Male) |
| 2:13 | Queue | Villager (Male) |
| 2:50 | Queue | Villager (Male) |
| 2:51 | Queue | Villager (Male) |
| 3:30 | Queue | Villager (Male) |
| 3:35 | Build | Mill |
| 3:59 | Queue | Villager (Male) |
| 3:59 | Queue | Villager (Male) |
| 4:00 | Queue | Villager (Male) |
| 5:08 | Build | Lumber Camp |
| 5:15 | Queue | Villager (Male) |
| 5:15 | Queue | Villager (Male) |
| 5:15 | Queue | Villager (Male) |
| 5:15 | Queue | Villager (Male) |
| 5:43 | Queue | Villager (Male) |
| 5:43 | Queue | Villager (Male) |
| 5:44 | Queue | Villager (Male) |
| 5:45 | Queue | Villager (Male) |
| 6:25 | Research | Loom |
| 6:34 | Queue | Villager (Male) |
| 6:35 | Queue | Villager (Male) |
| 6:54 | Queue | Villager (Male) |
| 7:07 | Research | Feudal Age |
| 8:32 | Build | Barracks |
| 8:40 | Build | Palisade Wall |
| 9:30 | Age | Feudal Age |
| 9:44 | Build | Stable |
| 9:49 | Queue | Villager (Male) |
| 9:51 | Queue | Villager (Male) |
| 9:54 | Research | Double-Bit Axe |
| 9:54 | Research | Double-Bit Axe |
| 10:03 | Queue | Villager (Male) |
| 10:13 | Build | Farm |
| 10:22 | Build | Farm |
| 10:37 | Build | Palisade Wall |
| 10:40 | Queue | Scout Cavalry |
| 10:47 | Queue | Villager (Male) |
| 11:00 | Build | Palisade Wall |
| 11:12 | Build | Palisade Wall |
| 11:15 | Queue | Villager (Male) |
| 11:20 | Queue | Scout Cavalry |
| 11:22 | Queue | Villager (Male) |
| 11:37 | Queue | Villager (Male) |
| 11:48 | Queue | Villager (Male) |
| 12:05 | Queue | Spearman |
| 12:10 | Research | Horse Collar |
| 12:10 | Research | Horse Collar |
| 12:21 | Build | Farm |
| 12:23 | Build | Farm |
| 12:43 | Build | Palisade Wall |
| 12:55 | Build | Palisade Wall |
| 12:57 | Build | Palisade Gate |
| 13:04 | Build | Farm |
| 13:05 | Build | Farm |
| 13:06 | Queue | Villager (Male) |
| 13:14 | Queue | Scout Cavalry |
| 13:29 | Build | Mining Camp |
| 13:32 | Queue | Villager (Male) |
| 13:34 | Queue | Scout Cavalry |
| 13:44 | Build | Farm |
| 14:07 | Queue | Villager (Male) |
| 14:24 | Queue | Villager (Male) |
| 14:35 | Build | Blacksmith |
| 14:37 | Queue | Villager (Male) |
| 14:54 | Build | Farm |
| 14:59 | Build | Farm |
| 15:00 | Build | Farm |
| 15:04 | Queue | Villager (Male) |
| 15:14 | Build | Farm |
| 15:17 | Build | Farm |
| 15:24 | Research | Bloodlines |
| 15:39 | Build | Farm |
| 15:42 | Build | Farm |
| 15:49 | Queue | Villager (Male) |
| 16:02 | Queue | Scout Cavalry |
| 16:18 | Build | Farm |
| 16:28 | Queue | Scout Cavalry |
| 16:45 | Queue | Villager (Male) |
| 17:01 | Build | Market |
| 17:21 | Build | Farm |
| 17:23 | Queue | Villager (Male) |
| 17:24 | Queue | Villager (Male) |
| 17:29 | Research | Gold Mining |
| 17:43 | Queue | Scout Cavalry |
| 17:49 | Research | Scale Barding Armor |
| 17:49 | Research | Scale Barding Armor |
| 18:06 | Build | Farm |
| 18:08 | Queue | Villager (Male) |
| 18:20 | Build | Lumber Camp |
| 18:24 | Build | Farm |
| 18:36 | Queue | Villager (Male) |
| 18:38 | Queue | Scout Cavalry |
| 19:15 | Queue | Villager (Male) |
| 19:28 | Queue | Villager (Male) |
| 19:28 | Queue | Villager (Male) |
| 19:56 | Build | Farm |
| 19:56 | Build | Farm |
| 19:56 | Build | Farm |
| 20:22 | Build | Stable |
| 20:36 | Research | Castle Age |
| 20:36 | Research | Castle Age |
| 21:25 | Research | Wheelbarrow |
| 21:25 | Research | Wheelbarrow |
| 21:43 | Build | Stable |
| 22:28 | Research | Forging |
| 23:16 | Age | Castle Age |
| 23:19 | Build | Town Center |
| 23:23 | Build | Town Center |
| 23:31 | Research | Husbandry |
| 23:32 | Research | Chain Barding Armor |
| 23:32 | Research | Chain Barding Armor |
| 23:33 | Research | Iron Casting |
| 23:35 | Queue | Knight |
| 23:35 | Queue | Knight |
| 23:35 | Queue | Knight |
| 23:35 | Queue | Knight |
| 23:45 | Queue | Villager (Male) |
| 23:53 | Research | Bow Saw |
| 23:53 | Research | Bow Saw |
| 24:10 | Queue | Knight |
| 24:10 | Queue | Knight |
| 24:19 | Queue | Knight |
| 24:19 | Queue | Knight |
| 24:25 | Queue | Villager (Male) |
| 24:38 | Queue | Villager (Male) |
| 24:42 | Queue | Knight |
| 24:42 | Queue | Knight |
| 24:48 | Build | Farm |
| 24:49 | Build | Farm |
| 24:52 | Queue | Villager (Male) |
| 24:59 | Queue | Villager (Male) |
| 24:59 | Queue | Villager (Male) |
| 25:03 | Build | Farm |
| 25:04 | Build | Farm |
| 25:07 | Build | Farm |
| 25:17 | Queue | Knight |
| 25:17 | Queue | Knight |
| 25:21 | Queue | Villager (Male) |
| 25:21 | Queue | Villager (Male) |
| 25:25 | Build | Farm |
| 25:32 | Build | Farm |
| 25:48 | Queue | Knight |
| 25:48 | Queue | Knight |
Match timeline
| 4:40 | T · wall_segment Palisade Wall x3 |
| 4:50 | KDA HDT · wall_segment Palisade Wall x3 |
| 5:22 | KDA HDT · wall_segment Palisade Wall x7 |
| 7:05 | [TNT] KKKFFFFFFCC · first_building Barracks |
| 7:17 | 咬到德頭 · first_building Barracks |
| 7:28 | _LY_lyx · first_building Barracks |
| 7:49 | T · first_building Barracks |
| 7:53 | KDA HDT · first_building Barracks |
| 8:17 | 齊豬大世子殿下 · first_building Barracks |
| 8:26 | _LY_lyx · age_up feudal |
| 8:29 | _LY_lyx · first_building Archery Range |
| 8:30 | 齊豬大世子殿下 · wall_segment Palisade Wall x2 |
| 8:32 | 码头卖艺 · first_building Barracks |
| 8:40 | 码头卖艺 · wall_segment Palisade Wall x5 |
| 8:51 | 咬到德頭 · age_up feudal |
| 8:51 | [TNT] KKKFFFFFFCC · age_up feudal |
| 8:53 | 咬到德頭 · first_building Archery Range |
| 8:53 | T · age_up feudal |
| 8:55 | 矮袋鼠長公主 · age_up feudal |
| 8:57 | [TNT] KKKFFFFFFCC · first_building Archery Range |
| 8:57 | T · first_building Stable |
| 8:58 | 齊豬大世子殿下 · age_up feudal |
| 9:02 | 矮袋鼠長公主 · first_building Stable |
| 9:20 | KDA HDT · age_up feudal |
| 9:20 | 齊豬大世子殿下 · first_building Stable |
| 9:22 | KDA HDT · first_building Archery Range |
| 9:30 | 码头卖艺 · age_up feudal |
| 9:39 | 矮袋鼠長公主 · wall_segment Palisade Wall x1 |
| 9:39 | T · wall_segment Palisade Wall x6 |
| 9:44 | 码头卖艺 · first_building Stable |
| 9:49 | 矮袋鼠長公主 · wall_segment Palisade Wall x3 |
| 10:05 | 齊豬大世子殿下 · wall_segment Palisade Wall x10 |
| 10:37 | 码头卖艺 · wall_segment Palisade Wall x14 |
| 10:45 | 齊豬大世子殿下 · wall_segment Palisade Wall x4 |
| 10:56 | _LY_lyx · wall_segment Palisade Wall x1 |
| 10:57 | _LY_lyx · wall_segment Palisade Wall x1 |
| 11:00 | 码头卖艺 · wall_segment Palisade Wall x15 |
| 11:12 | 码头卖艺 · wall_segment Palisade Wall x13 |
| 11:15 | 矮袋鼠長公主 · wall_segment Palisade Wall x9 |
| 11:18 | KDA HDT · wall_segment Palisade Wall x4 |
| 11:27 | 咬到德頭 · wall_segment Palisade Wall x8 |
| 11:31 | 咬到德頭 · wall_segment Palisade Wall x6 |
| 12:04 | 咬到德頭 · wall_segment Palisade Wall x4 |
| 12:36 | [TNT] KKKFFFFFFCC · wall_segment Palisade Wall x1 |
| 12:43 | 码头卖艺 · wall_segment Palisade Wall x1 |
| 12:55 | 码头卖艺 · wall_segment Palisade Wall x7 |
| 13:03 | 矮袋鼠長公主 · wall_segment Palisade Wall x12 |
| 13:43 | T · wall_segment Palisade Wall x1 |
| 14:24 | 矮袋鼠長公主 · wall_segment Palisade Wall x7 |
| 14:32 | 齊豬大世子殿下 · wall_segment Palisade Wall x4 |
| 14:34 | 齊豬大世子殿下 · wall_segment Palisade Wall x8 |
| 14:58 | 齊豬大世子殿下 · wall_segment Palisade Wall x14 |
| 14:59 | [TNT] KKKFFFFFFCC · wall_segment Palisade Wall x7 |
| 15:04 | 矮袋鼠長公主 · wall_segment Palisade Wall x9 |
| 15:14 | 齊豬大世子殿下 · wall_segment Palisade Wall x1 |
| 15:24 | [TNT] KKKFFFFFFCC · wall_segment Palisade Wall x7 |
| 16:10 | [TNT] KKKFFFFFFCC · wall_segment Palisade Wall x2 |
| 16:11 | [TNT] KKKFFFFFFCC · wall_segment Palisade Wall x2 |
| 17:47 | T · wall_segment Palisade Wall x1 |
| 17:57 | T · wall_segment Palisade Wall x3 |
| 18:25 | [TNT] KKKFFFFFFCC · wall_segment Palisade Wall x8 |
| 19:22 | 码头卖艺 · first_market_buy 100 food |
| 20:02 | 咬到德頭 · first_market_sell 500 stone |
| 20:02 | 咬到德頭 · first_market_buy 100 food |
| 20:40 | 咬到德頭 · wall_segment Palisade Wall x7 |
| 21:23 | [TNT] KKKFFFFFFCC · wall_segment Palisade Wall x1 |
| 21:48 | 咬到德頭 · wall_segment Palisade Wall x5 |
| 21:56 | [TNT] KKKFFFFFFCC · wall_segment Palisade Wall x13 |
| 22:20 | T · wall_segment Palisade Wall x1 |
| 22:21 | T · wall_segment Palisade Wall x1 |
| 22:23 | T · wall_segment Palisade Wall x1 |
| 22:26 | 矮袋鼠長公主 · age_up castle |
| 22:30 | _LY_lyx · first_building Stable |
| 22:44 | 咬到德頭 · age_up castle |
| 22:56 | KDA HDT · age_up castle |
| 22:59 | T · first_market_buy 100 food |
| 23:12 | 齊豬大世子殿下 · wall_segment Palisade Wall x2 |
| 23:13 | _LY_lyx · age_up castle |
| 23:16 | 码头卖艺 · age_up castle |
| 23:19 | 齊豬大世子殿下 · wall_segment Palisade Wall x1 |
| 23:21 | 齊豬大世子殿下 · wall_segment Palisade Wall x1 |
| 23:22 | _LY_lyx · wall_segment Palisade Wall x1 |
| 23:24 | _LY_lyx · wall_segment Palisade Wall x1 |
| 23:24 | 齊豬大世子殿下 · wall_segment Palisade Wall x1 |
| 23:26 | 齊豬大世子殿下 · wall_segment Palisade Wall x1 |
| 23:31 | 齊豬大世子殿下 · wall_segment Palisade Wall x1 |
| 23:54 | 咬到德頭 · wall_segment Palisade Wall x2 |
| 23:58 | 齊豬大世子殿下 · age_up castle |
| 24:17 | 齊豬大世子殿下 · wall_segment Palisade Wall x1 |
| 24:18 | 码头卖艺 · first_market_sell 100 wood |
| 24:44 | T · age_up castle |
| 24:58 | [TNT] KKKFFFFFFCC · age_up castle |
| 25:51 | _LY_lyx · first_market_sell 100 stone |
| 26:14 | KDA HDT · first_market_sell 100 wood |
| 26:15 | KDA HDT · first_market_buy 100 stone |
| 26:59 | [TNT] KKKFFFFFFCC · wall_segment Palisade Wall x1 |
| 27:09 | KDA HDT · wall_segment Palisade Wall x1 |
| 29:06 | _LY_lyx · first_building Monastery |
| 29:53 | 码头卖艺 · first_building Monastery |
| 30:36 | 码头卖艺 · wall_segment Stone Wall x10 |
| 32:24 | 码头卖艺 · wall_segment Stone Wall x10 |
| 33:45 | 码头卖艺 · first_building Castle |
| 33:51 | T · wall_segment Palisade Wall x2 |
| 33:51 | T · wall_segment Palisade Wall x1 |
| 33:53 | T · wall_segment Palisade Wall x5 |
| 33:56 | 矮袋鼠長公主 · wall_segment Palisade Wall x3 |
| 34:10 | 矮袋鼠長公主 · wall_segment Stone Wall x8 |
| 34:22 | 咬到德頭 · first_building Monastery |
| 34:26 | _LY_lyx · first_market_buy 100 wood |
| 34:40 | T · first_market_sell 100 wood |
| 35:33 | T · wall_segment Palisade Wall x5 |
| 35:35 | [TNT] KKKFFFFFFCC · first_building Monastery |
| 36:22 | 码头卖艺 · wall_segment Stone Wall x7 |
| 36:25 | 码头卖艺 · wall_segment Stone Wall x8 |
| 36:26 | [TNT] KKKFFFFFFCC · first_building Castle |
| 36:28 | KDA HDT · first_building Monastery |
| 36:34 | T · first_building Monastery |
| 37:03 | 咬到德頭 · wall_segment Palisade Wall x1 |
| 37:49 | 咬到德頭 · wall_segment Palisade Wall x1 |
| 38:29 | 码头卖艺 · age_up imperial |
| 38:40 | 矮袋鼠長公主 · wall_segment Stone Wall x5 |
| 38:53 | 咬到德頭 · age_up imperial |
| 39:27 | _LY_lyx · first_building Castle |
| 39:39 | KDA HDT · wall_segment Palisade Wall x1 |
| 40:12 | [TNT] KKKFFFFFFCC · age_up imperial |
| 40:15 | 咬到德頭 · first_building Castle |
| 41:00 | KDA HDT · first_building Castle |
| 42:19 | KDA HDT · age_up imperial |
| 42:50 | T · first_building Castle |
| 43:00 | 矮袋鼠長公主 · first_market_sell 100 food |
| 44:00 | [TNT] KKKFFFFFFCC · wall_segment Stone Wall x20 |
| 44:04 | [TNT] KKKFFFFFFCC · wall_segment Stone Wall x1 |
| 44:05 | [TNT] KKKFFFFFFCC · wall_segment Stone Wall x1 |
| 44:10 | [TNT] KKKFFFFFFCC · wall_segment Stone Wall x2 |
| 44:47 | _LY_lyx · age_up imperial |
| 45:21 | 咬到德頭 · wall_segment Palisade Wall x1 |
| 45:22 | [TNT] KKKFFFFFFCC · wall_segment Stone Wall x13 |
| 45:27 | [TNT] KKKFFFFFFCC · wall_segment Stone Wall x1 |
| 45:30 | 咬到德頭 · wall_segment Stone Wall x1 |
| 45:57 | 齊豬大世子殿下 · first_building Monastery |
| 46:04 | [TNT] KKKFFFFFFCC · first_market_buy 100 wood |
| 47:09 | [TNT] KKKFFFFFFCC · wall_segment Stone Wall x7 |
| 47:12 | 码头卖艺 · tribute_sent a jugador 1 |
| 47:12 | 码头卖艺 · tribute_sent a jugador 2 |
| 47:12 | 码头卖艺 · tribute_sent a jugador 3 |
| 47:12 | 码头卖艺 · tribute_sent a jugador 4 |
| 47:12 | 码头卖艺 · tribute_sent a jugador 5 |
| 47:12 | 码头卖艺 · tribute_sent a jugador 6 |
| 47:12 | 码头卖艺 · tribute_sent a jugador 7 |
| 48:34 | 矮袋鼠長公主 · first_building Castle |
| 48:41 | [TNT] KKKFFFFFFCC · wall_segment Stone Wall x1 |
| 48:43 | [TNT] KKKFFFFFFCC · wall_segment Stone Wall x1 |
| 48:44 | [TNT] KKKFFFFFFCC · wall_segment Stone Wall x1 |
| 49:01 | [TNT] KKKFFFFFFCC · wall_segment Stone Wall x1 |
| 49:02 | 齊豬大世子殿下 · first_building Castle |
| 49:06 | [TNT] KKKFFFFFFCC · wall_segment Stone Wall x1 |
| 49:21 | [TNT] KKKFFFFFFCC · first_market_sell 100 wood |
| 49:31 | 齊豬大世子殿下 · age_up imperial |
| 49:59 | 齊豬大世子殿下 · first_market_sell 100 food |
| 51:01 | T · age_up imperial |
| 51:43 | 矮袋鼠長公主 · first_market_buy 100 food |
| 52:13 | T · first_building Archery Range |
| 52:32 | 矮袋鼠長公主 · wall_segment Stone Wall x19 |
| 52:46 | 矮袋鼠長公主 · wall_segment Stone Wall x12 |
| 53:04 | _LY_lyx · first_building Siege Workshop |
| 59:15 | [TNT] KKKFFFFFFCC · wall_segment Stone Wall x19 |
| 60:06 | [TNT] KKKFFFFFFCC · wall_segment Stone Wall x5 |
| 60:09 | [TNT] KKKFFFFFFCC · wall_segment Stone Wall x3 |
| 61:40 | 咬到德頭 · resign |
[ AI ANALYSIS · 1 CREDIT ]
What really happened in this match?
Wolo.gg analyzes every decision: build order, eco, micro, common mistakes by bracket. Personalized analysis on WhatsApp or Discord in 30 seconds.
Civ guide
Khmer
Perfil
Jugador #22731211